 Dungeon Crawl Stone Soup version 0.29-a0-753-gb7bb9d756e (webtiles) character file.

Game seed: 13311305783752295389

865 Nattfarinn the Trooper (level 8, -16/61 HPs)
             Began as a Djinni Venom Mage on June 30, 2022.
             Was an Initiate of Makhleb.
             Demolished by an ice beast (19 damage)
             ... on level 5 of the Dungeon.
             The game lasted 00:06:01 (4853 turns).

Nattfarinn the Trooper (Djinni Venom Mage)          Turns: 4853, Time: 00:06:01

Health: -16/61     AC:  3    Str:  9    XL:     8   Next: 23%
Gold:   244        EV: 14    Int: 17    God:    Makhleb [......] SH:  0 Dex: 14

rFire   + + .      SeeInvis .   s - +4 falchion (elec)
rCold   x . .      Faith    .   (no shield)
rNeg    . . .      Spirit   .   a - +0 robe
rPois   ∞          Reflect  .   (no helmet)
rElec   .          Harm     .   k - +0 cloak
rCorr   .          Rampage  .   (no gloves)
Will    .....                   (boots unavailable)
Stlth   ++........              d - amulet of regeneration
HPRegen 1.00/turn               (no ring)
MPRegen 0.00/turn               (no ring)

@: flying
A: sickness immunity, fire resistance 2, cold vulnerability 1, float, innate
caster, HP casting, extra vitality 1
a: Renounce Religion


You were on level 5 of the Dungeon.
You worshipped Makhleb.
Makhleb was noncommittal.
You visited 2 branches of the dungeon, and saw 6 of its levels.

You collected 244 gold pieces.

Inventory:

Hand Weapons
 i - a +2 dagger of protection
 s - a +4 falchion of electrocution (weapon)
Armour
 a - a +0 robe (worn)
 k - a +0 cloak (worn)
Jewellery
 d - an amulet of regeneration (around neck)
Wands
 x - a wand of digging (2)
Scrolls
 b - 2 scrolls of brand weapon {unknown}
 g - 3 scrolls of noise {unknown}
 j - 2 scrolls of teleportation {unknown}
 o - a scroll of torment {unknown}
 p - 2 scrolls of blinking {unknown}
 q - a scroll of amnesia {unknown}
 r - 2 scrolls of identify {unknown}
 v - 2 scrolls of enchant armour {unknown}
 w - a scroll of magic mapping {unknown}
Potions
 c - 3 potions of ambrosia {unknown}
 e - 2 potions of lignification {unknown}
 f - a potion of mutation {unknown}
 h - 2 potions of cancellation {unknown}
 l - 5 potions of curing {unknown}
 m - a potion of flight {unknown}
 n - a potion of invisibility {unknown}
 t - a potion of haste {unknown}
 u - a potion of heal wounds {unknown}


   Skills:
 * Level 6.0 Fighting
 + Level 5.2 Dodging
 - Level 1.5 Stealth
 + Level 4.1 Spellcasting


You couldn't memorise any spells.
You knew the following spells:

 Your Spells              Type           Power      Damage    Failure   Level
a - Sting                 Tmut/Pois      68%        1d6       3%          1
b - Poisonous Vapours     Pois/Air       34%        N/A       4%          2
c - Mephitic Cloud        Conj/Pois/Air  17%        N/A       9%          3
d - Olgreb's Toxic Radia  Pois           17%        N/A       28%         4
e - Slow                  Hex            68%        N/A       3%          1
f - Wereblood             Tmut           17%        N/A       4%          2
g - Portal Projectile     Hex/Tloc       34%        N/A       9%          3
Your spell library was empty.

Dungeon Overview and Level Annotations

Branches:
Dungeon (5/15)             Temple (1/1) D:4

Altars:
Ashenzari
Dithmenos
Elyvilon
Fedhas
Gozag
Kikubaaqudgha
Makhleb
Vehumet
Zin

Shops:
D:5 [


Innate Abilities, Weirdness & Mutations

You are immune to sickness and miasma.
You are immune to poison.
Your flesh is very heat resistant. (rF++)
You are vulnerable to cold. (rC-)
You float through the air rather than walking.
You learn spells naturally, not from books.
Your magical power is your life essence.
You have superior vitality. (+4 MHP)


Message History

You can't see any susceptible monsters within range! (Use Z to cast anyway.)
The sting hits the ice beast but does no damage.
The ice beast is poisoned.
The sting hits the ice beast.
The ice beast looks even sicker.
The ice beast is lightly wounded.
You hit the ice beast but do no damage.
The ice beast is lightly wounded.
The ice beast completely misses you.
You slash the ice beast!
The ice beast is heavily wounded.
The ice beast hits you. The ice beast freezes you!
You feel a terrible chill! The ice beast misses you.
You barely miss the ice beast.
The ice beast is heavily wounded.
The ice beast hits you. The ice beast freezes you!
You feel a terrible chill!
You are too injured to fight recklessly!
You are too injured to fight recklessly!
You hit the ice beast but do no damage.
The ice beast is heavily wounded.
The ice beast hits you but does no damage.
You barely miss the ice beast.
The ice beast is heavily wounded.
The ice beast closely misses you.
You hit the ice beast but do no damage.
The ice beast is heavily wounded.
The ice beast hits you. The ice beast freezes you!
You feel a terrible chill!
* * * LOW HITPOINT WARNING * * *
The ice beast hits you.
* * * LOW HITPOINT WARNING * * *
The ice beast freezes you!
You feel a terrible chill!
* * * LOW HITPOINT WARNING * * *
Unknown command.
Okay, then.
The ice beast attacks as you move away! The ice beast barely misses you.
The ice beast looks more healthy.
The ice beast attacks as you move away! The ice beast closely misses you.
The ice beast attacks as you move away! The ice beast hits you.
* * * LOW HITPOINT WARNING * * *
The ice beast freezes you!!
You feel a terrible chill!
You die...

................
.....#8..#8##.. ##
...........#..
...#############.<.∩.>.###
..)......................#
...................8#.#8.#
......................##.#
....................###
..# ..........Y@...^....#
#.# ....................#
..# ....................#
.. ....................#
.. ...$................#
..
.............:..........
#.
....................####
#. ....................#
## ....................#
#.


You could see an ice beast.

Vanquished Creatures
  Pikel (D:4)
  A black bear (D:4)
  A lemure (D:4)
  A scorpion (D:5)
  2 hounds (D:4)
  An iguana (D:4)
  Terence (D:3)
  2 gnolls (D:3)
  6 adders
  An ufetubus (D:5)
  2 dart slugs
  6 orcs (D:5)
  5 bats
  4 endoplasms
  5 giant cockroaches
  4 goblins
  8 hobgoblins
  11 kobolds
  2 quokkas
  7 ball pythons
  2 frilled lizards (D:1)
  3 rats
76 creatures vanquished.

Notes
Turn   | Place    | Note
-------+----------+-------------------------------------------
     0 | D:1      | Nattfarinn the Djinni Venom Mage began the quest for the
                  | Orb.
     0 | D:1      | Nattfarinn set off with the following spells memorised:
                  | Sting, Poisonous Vapours, Mephitic Cloud, Olgreb's Toxic
                  | Radiance.
     0 | D:1      | Reached XP level 1. HP: 15/15 MP: 0/0
   365 | D:1      | Found a faded altar of an unknown god.
   368 | D:1      | Reached skill level 1 in Fighting
   368 | D:1      | Reached XP level 2. HP: 19/22 MP: 0/0
  1360 | D:1      | Reached XP level 3. HP: 27/27 MP: 0/0
  1360 | D:1      | Learned a level 1 spell: Slow
  2006 | D:2      | Reached skill level 2 in Fighting
  2471 | D:2      | Reached XP level 4. HP: 27/33 MP: 0/0
  3447 | D:3      | Reached XP level 5. HP: 35/40 MP: 0/0
  3447 | D:3      | Learned a level 2 spell: Wereblood
  3724 | D:3      | Noticed Terence
  3734 | D:3      | Killed Terence
  3735 | D:3      | Reached skill level 3 in Fighting
  4090 | D:4      | Found a white marble altar of Elyvilon.
  4287 | D:4      | Reached XP level 6. HP: 24/46 MP: 0/0
  4373 | D:4      | Noticed a black bear
  4391 | D:4      | Killed a black bear
  4392 | D:4      | Reached skill level 4 in Fighting
  4458 | D:4      | Found a staircase to the Ecumenical Temple.
  4458 | D:4      | Noticed Pikel
  4472 | D:4      | Killed Pikel
  4473 | D:4      | Reached skill level 5 in Fighting
  4473 | D:4      | Reached skill level 5 in Dodging
  4473 | D:4      | Reached XP level 7. HP: 41/55 MP: 0/0
  4473 | D:4      | Learned a level 3 spell: Portal Projectile
  4473 | D:4      | Reached XP level 8. HP: 46/61 MP: 0/0
  4482 | Temple   | Entered the Ecumenical Temple
  4488 | Temple   | Became a worshipper of Makhleb the Destroyer
  4602 | D:4      | Identified the +0 pair of gloves of Lifelessness {Rampage
                  | rF++ Str-4 Slay-3}
  4625 | D:5      | Entered Level 5 of the Dungeon
  4637 | D:5      | Reached skill level 6 in Fighting
  4788 | D:5      | Found Momimnya's Armour Emporium.
  4848 | D:5      | HP: 3/61 [ice beast (7)]
  4853 | D:5      | HP: 3/61 [ice beast (4)]
  4853 | D:5      | Demolished by an ice beast

Illustrated notes

Levels and vault maps discovered:
D:1:      giann_bridges, layout_loops_ring, hellmonk_ecumenical_altar_lost_god,
          kennysheep_boxes
D:2:      layout_basic, minmay_split_cup_small
D:3:      layout_loops_ring, uniq_terence
D:4:      layout_rooms, elyvilon_altar_3, minmay_temple_entry_hall,
          minmay_splitting_lines, uniq_pikel
D:5:      layout_basic, okawaru_metal_pillars_1_2, serial_shops,
          nicolae_stop_n_shop_2
Temple:   eino_narrow_crystal_temple

Skill      XL: |  1  2  3  4  5  6  7  8 |
---------------+-------------------------+-----
Fighting       | 1 2 3 5 6 |  6.0
Dodging        | 3 5 |  5.2
Spellcasting   | 3 4 |  4.1
Stealth        | |  1.5

Action                   |  1- 3 |  4- 6 |  7- 9 || total
-------------------------+-------+-------+-------++-------
Melee: Unarmed           |     1 |       |       ||     1
       Dagger            |       |     1 |       ||     1
       Falchion          |       |    26 |    14 ||    40
 Cast: Sting             |    69 |    64 |    15 ||   148
       Poisonous Vapours |       |     8 |       ||     8
       Olgreb's Toxic Ra |       |     4 |     1 ||     5
       Mephitic Cloud    |       |     1 |       ||     1
Armor: Robe              |     8 |     8 |     3 ||    19
Dodge: Dodged            |    32 |    59 |    22 ||   113

Table legend: (Time is in decaauts)
 A = Elapsed time spent in this place.
 B = Non-inter-level travel time spent in this place.
 C = Inter-level travel time spent in this place.
 D = Time resting spent in this place.
 E = Time spent auto-exploring this place.
 F = Levels seen in this place.
 G = Mean time per level.
                   A        B        C        D        E       F      G
               +--------+--------+--------+--------+--------+-----+--------+
         Total |   4863 |   4619 |    244 |    364 |   3675 |   6 |  810.5 |
       Dungeon |   4850 |   4612 |    238 |    364 |   3675 |   5 |  970.0 |
        Temple |     12 |      6 |      6 |      0 |      0 |   1 |   12.0 |
               +--------+--------+--------+--------+--------+-----+--------+

Top non-repeatable levels by time:
     D:1: 1538 daAuts
     D:2: 1380 daAuts
     D:3: 1143 daAuts
     D:4: 556 daAuts
     D:5: 231 daAuts
  Temple: 12 daAuts
